 Dungeon Crawl Stone Soup version 0.22.1-1-ga44c0e5 (webtiles) character file.

21776 Erlindor the Fighter (level 12, -7/116 HPs)
             Began as a Purple Draconian Fire Elementalist on Oct 21, 2018.
             Was a High Priest of Sif Muna.
             Killed from afar by a frost giant (11 damage)
             ... with a bolt of cold
             ... in an ice cave.
             The game lasted 01:04:33 (19996 turns).

Erlindor the Fighter (DrFE)                        Turns: 19996, Time: 01:04:33

Health: -7/116     AC: 18    Str: 11    XL:     12   Next: 57%
Magic:  4/26       EV: 15    Int: 20    God:    Sif Muna [*****.]
Gold:   865        SH:  7    Dex: 12    Spells: 18/32 levels left

rFire    . . .     SeeInvis .   a - +1 whip (elec)
rCold    + . .     Gourm    .   R - +2 buckler {AC+3}
rNeg     . . .     Faith    .   (armour unavailable)
rPois    .         Spirit   .   (helmet restricted)
rElec    .         Reflect  .   n - +2 cloak {MR+}
rCorr    .         Harm     .   J - +2 pair of gloves {archery}
MR       ++...                  o - +0 pair of boots
Stlth    ++........             (no amulet)
HPRegen  0.29/turn              I - ring of wizardry
MPRegen  0.20/turn              q - ring of protection from cold

@: very slightly contaminated, divine energy
A: breathe power, unfitting armour, cold-blooded, AC +8
a: Breathe Dispelling Energy, Stop Divine Energy, Channel Magic, Forget Spell,
Renounce Religion


You were in an ice cave.
You worshipped Sif Muna.
Sif Muna was extremely pleased with you.
You were not hungry.

You visited 3 branches of the dungeon, and saw 15 of its levels.
You also visited: Ice Cave.

You collected 865 gold pieces.

Inventory:

Hand Weapons
 a - a +1 whip of electrocution (weapon)
 b - a +0 hunting sling of freezing
 y - a +2 dagger of venom
Missiles
 k - 327 stones (quivered)
 v - 71 sling bullets
Armour
 n - a +2 cloak of magic resistance (worn)
 o - a +0 pair of boots (worn)
 J - a +2 pair of gloves of archery (worn)
 R - a +2 buckler of protection (worn)
Magical Staves
 F - an uncursed staff of wizardry
Jewellery
 q - a ring of protection from cold (right hand)
 w - an uncursed ring of ice
 I - a ring of wizardry (left hand)
 N - an uncursed ring of poison resistance
Wands
 i - a wand of iceblast (17)
 j - a wand of flame (8)
 m - a wand of paralysis (20)
 G - a wand of disintegration (25)
 H - a wand of acid (1)
 K - a wand of scattershot (7)
Scrolls
 d - 5 scrolls of teleportation
 e - 2 scrolls of magic mapping
 h - 5 scrolls of remove curse
 l - 3 scrolls of blinking {unknown}
 r - 2 scrolls of enchant armour
 s - a scroll of random uselessness {unknown}
 u - 4 scrolls of immolation
 x - a scroll of enchant weapon
 B - a scroll of vulnerability {unknown}
 C - a scroll of silence {unknown}
 O - a scroll of fog {unknown}
 Q - 2 scrolls of identify
Potions
 g - a potion of ambrosia {unknown}
 p - a potion of agility
 t - 7 potions of lignification
 z - a potion of mutation
 D - 3 potions of haste
 E - 5 potions of curing
 L - a potion of brilliance
 M - a potion of flight
 P - a potion of invisibility {unknown}
Comestibles
 c - 27 rations
 f - 11 chunks of flesh


   Skills:
 * Level 13.8 Fighting
 + Level 6.6 Dodging
 - Level 1.7 Stealth
 - Level 4.0 Shields
 - Level 10.6 Spellcasting
 - Level 5.2 Conjurations
 - Level 4.1 Hexes
 + Level 9.6 Fire Magic


You had 18 spell levels left.
You knew the following spells:

 Your Spells              Type           Power        Failure   Level  Hunger
b - Sticky Flame          Conj/Fire      #####...     1%          4    ##.....
c - Throw Flame           Conj/Fire      #####.       1%          2    None
d - Fireball              Conj/Fire      #####.....   3%          5    ####...
e - Confuse               Hex            ####....     1%          3    None

Your spell library contained the following spells:

 Spells                   Type           Power        Failure   Level  Hunger
 Confusing Touch          Hex            ####..       1%          1    None
 Flame Tongue             Conj/Fire      #####        1%          1    None
 Magic Dart               Conj           ####         1%          1    None
 Searing Ray              Conj           ####..       1%          2    None
 Conjure Flame            Conj/Fire      #####...     1%          3    None
 Dazzling Spray           Conj/Hex       ####..       1%          3    None
 Inner Flame              Hex/Fire       #####...     1%          3    None
 Summon Small Mammal      Summ           ##..         2%          1    None
 Summon Guardian Golem    Hex/Summ       ###.....     3%          3    None
 Iskenderun's Mystic Bla  Conj           ####....     3%          4    ##.....
 Call Imp                 Summ           ##......     4%          2    None
 Fulminant Prism          Conj/Hex       ####......   4%          4    ##.....
 Call Canine Familiar     Summ           ##......     9%          3    None
 Gell's Gravitas          Tloc           ##........   9%          3    None
 Vampiric Draining        Necr           ##........   9%          3    None
 Force Lance              Conj/Tloc      ###.....     9%          4    ##.....
 Petrify                  Tmut/Erth      ##......     26%         4    ##.....
 Summon Ice Beast         Ice/Summ       ##......     26%         4    ##.....
 Summon Lightning Spire   Summ/Air       ##......     26%         4    ##.....
 Metabolic Englaciation   Hex/Ice        ###.......   30%         5    ####...
 Yara's Violent Unravell  Hex/Tmut       ###.......   30%         5    ####...
 Death Channel            Necr           ##........   98%         6    ######.
 Simulacrum               Ice/Necr       ##........   98%         6    ######.
 Haunt                    Necr/Summ      ##........   100%        7    #######
 Necromutation            Tmut/Necr      ##........   100%        8    #######


Dungeon Overview and Level Annotations

Branches:
Dungeon (12/15)            Temple (1/1) D:4            Lair (2/6) D:11
 Shoals (0/4) Lair:2       Spider (0/4) Lair:2
    Orc: D:9-12

Altars:
Ashenzari
Cheibriados
Dithmenos
Elyvilon
Fedhas
Gozag
Hepliaklqana
Kikubaaqudgha
Makhleb
Nemelex Xobeh
Okawaru
Qazlal
Ru
Sif Muna
Trog
Uskayaw
Vehumet
Wu Jian
Xom
Yredelemnul
Zin
The Shining One

Annotations:
D:5 Prince Ribbit
D:12 Kirke


Innate Abilities, Weirdness & Mutations

You can breathe bolts of dispelling energy.
Your rich purple scales are hard. (AC +8)
You cannot fit into any form of body armour.
You are cold-blooded and may be slowed by cold attacks.


Message History

The frost giant hits you with a battleaxe of freezing!!!
* * * LOW HITPOINT WARNING * * *
The frost giant freezes you!
* * * LOW HITPOINT WARNING * * *
The frost giant burns!
Okay, then.
The frost giant burns!
The frost giant points at you and mumbles some strange words.
The bolt of cold misses you.
Casting: Sticky Flame (safe; 1% risk of failure)
Confirm with . or Enter, or press ? or * to list all spells.
Aiming: Fireball (safe; 3% risk of failure)
Press: ? - help, Shift-Dir - straight line, f/p - frost giant
Aim: a frost giant, wielding a battleaxe of freezing and wearing a thin beryl You miscast Fireball.
The air around you crackles with energy!
The frost giant burns!
The frost giant points at you and mumbles some strange words.
The bolt of cold hits you! You resist.
You die...

#.#≈≈≈≈≈≈≈≈
##.##≈≈≈≈≈##
#.##≈≈≈≈≈≈###
#.## ≈#≈≈##.##
#..# ##≈#....##
#..###.≈#h##..#
#...#.###C###..#
#...#..##.#
.....
##...###@##
#......
##..###.# .....#
##.##.## #....#
#..##.# ....#
##.##.## #..##
##..##.##
#..####.## #.##
##.# #.#####.##


You could see a frost giant (burning) and a polar bear.

Vanquished Creatures
  3 two-headed ogres
  Urug (Lair:1)
  A manticore (D:12)
  An ugly thing (D:11)
  An elephant (D:10)
  An ice statue (IceCv)
  2 spiny frogs (Lair:1)
  A komodo dragon (Lair:1)
  15 polar bears (IceCv)
  A troll (D:10)
  2 slime creatures (D:11)
  A spriggan (D:7)
  5 hippogriffs
  2 basilisks
  27 yaks
  A hog (D:11)
  A water moccasin (Lair:2)
  2 orc warriors
  An eye of draining (D:10)
  2 sky beasts
  5 black bears
  13 ice beasts
  13 wolves (IceCv)
  2 centaurs (D:11)
  4 ogres
  2 crocodiles
  3 big kobolds
  10 bullfrogs
  Blork the orc (D:6)
  A gnoll sergeant (D:5)
  A wyvern skeleton (D:8)
  8 scorpions
  The ghost of SaintRoka the Ruffian, a weakling OgTm (D:7)
  8 killer bees (D:7)
  A howler monkey (D:8)
  4 wights (D:8)
  4 electric eels (D:8)
  A bullfrog zombie (D:12)
  5 crimson imps
  3 centaur zombies
  A quasit (D:10)
  4 orc priests
  9 hounds
  Crazy Yiuf (D:3)
  3 iguanas
  14 orc wizards
  8 worker ants
  A hound skeleton (D:11)
  A worker ant zombie (D:5)
  3 gnolls (D:5)
  12 adders
  2 howler monkey skeletons
  2 shadow imps
  An adder skeleton (D:8)
  An adder zombie (D:8)
  3 worms
  2 dart slugs
  8 leopard geckos
  39 orcs
  9 bats
  2 giant cockroaches (D:3)
  7 goblins
  11 hobgoblins
  18 jackals
  16 kobolds
  4 quokkas
  3 ball pythons
  A ball python skeleton (D:4)
  7 frilled lizards
  A jackal skeleton (D:4)
  7 rats
  A plant (Lair:1)
363 creatures vanquished.

Vanquished Creatures (others)
  A polar bear (IceCv)
  A yak (IceCv)
  A human (D:7)
  A plant (D:8)
  A withered plant (D:7)
5 creatures vanquished.

Grand Total: 368 creatures vanquished

Notes
Turn   | Place    | Note
-------+----------+-------------------------------------------
     0 | D:1      | Erlindor the Draconian Fire Elementalist began the quest
                  | for the Orb.
     0 | D:1      | Reached XP level 1. HP: 14/14 MP: 3/3
   208 | D:1      | Reached XP level 2. HP: 20/22 MP: 3/5
  1013 | D:1      | Reached skill level 1 in Fighting
  1854 | D:2      | Reached XP level 3. HP: 28/28 MP: 6/6
  2174 | D:2      | Found a burning altar of Makhleb.
  2659 | D:3      | Reached XP level 4. HP: 32/35 MP: 1/8
  2723 | D:3      | Learned a level 4 spell: Sticky Flame
  2909 | D:3      | Found a runed door.
  3207 | D:3      | Found a faded altar of an unknown god.
  3322 | D:2      | Reached skill level 2 in Fighting
  3430 | D:3      | Reached XP level 5. HP: 37/41 MP: 5/10
  4272 | D:3      | Noticed Crazy Yiuf
  4278 | D:3      | Killed Crazy Yiuf
  4526 | D:4      | Learned a level 2 spell: Throw Flame
  4714 | D:4      | Reached XP level 6. HP: 35/50 MP: 7/11
  4898 | D:4      | Noticed a sky beast
  4943 | D:4      | Killed a sky beast
  4943 | D:4      | Reached skill level 3 in Fighting
  5182 | D:4      | Found a staircase to the Ecumenical Temple.
  5188 | Temple   | Entered the Ecumenical Temple
  5331 | Temple   | Became a worshipper of Sif Muna the Loreminder
  5813 | D:4      | Your scales start taking on a rich purple colour.
  5813 | D:4      | Reached skill level 5 in Spellcasting
  5813 | D:4      | Reached XP level 7. HP: 57/57 MP: 15/15
  6217 | D:5      | Entered Level 5 of the Dungeon
  6559 | D:5      | Noticed Prince Ribbit
  6738 | D:5      | Reached skill level 4 in Fighting
  6754 | D:5      | Reached * piety under Sif Muna
  7021 | D:6      | Noticed Blork the orc
  7145 | D:6      | Killed Blork the orc
  7238 | D:6      | Reached skill level 5 in Fire Magic
  7238 | D:6      | Reached XP level 8. HP: 65/67 MP: 14/18
  7808 | D:6      | Found a snail-covered altar of Cheibriados.
  7808 | D:6      | Found a basalt altar of Yredelemnul.
  7808 | D:6      | Found a white marble altar of Elyvilon.
  7811 | D:6      | Found a shattered altar of Ashenzari.
  7813 | D:6      | Found a shimmering altar of Xom.
  7928 | D:7      | HP: 3/67 [poisoned by a killer bee]
  7933 | D:7      | HP: 2/67 [poisoned by a killer bee]
  7938 | D:7      | HP: 1/67 [poisoned by a killer bee]
  7946 | D:7      | HP: 1/67 [poisoned by a killer bee]
  8642 | D:7      | Found a runed door.
  8642 | D:7      | Noticed SaintRoka's ghost (weakling OgTm)
  8740 | D:7      | Killed SaintRoka's ghost
  8740 | D:7      | Reached ** piety under Sif Muna
  8740 | D:7      | Reached skill level 5 in Fighting
  9112 | D:7      | Found an ancient bone altar of Kikubaaqudgha.
  9149 | D:7      | Reached skill level 5 in Conjurations
  9253 | D:7      | Reached XP level 9. HP: 50/74 MP: 17/21
  9588 | D:7      | Learned a level 5 spell: Fireball
  9592 | D:7      | Learned a level 3 spell: Confuse
  9727 | D:8      | Reached skill level 6 in Fighting
  9727 | D:8      | Reached skill level 1 in Hexes
 10197 | D:8      | Reached skill level 7 in Fighting
 10803 | D:9      | Reached skill level 8 in Fighting
 11156 | D:9      | Noticed a two-headed ogre
 11167 | D:9      | HP: 4/82 [two-headed ogre/giant club (10)]
 11184 | D:9      | Killed a two-headed ogre
 11184 | D:9      | Reached skill level 9 in Fighting
 11184 | D:9      | Reached XP level 10. HP: 36/91 MP: 0/22
 11523 | D:9      | Reached *** piety under Sif Muna
 11764 | D:10     | Entered Level 10 of the Dungeon
 13075 | D:10     | Reached skill level 10 in Fighting
 13329 | D:11     | Noticed an elephant
 13395 | D:10     | Killed an elephant
 13474 | D:11     | Found a staircase to the Lair.
 14148 | D:11     | Reached **** piety under Sif Muna
 14149 | D:11     | Reached XP level 11. HP: 62/101 MP: 5/24
 14535 | D:11     | Noticed a two-headed ogre
 14549 | D:11     | Killed a two-headed ogre
 14549 | D:11     | Reached skill level 11 in Fighting
 14549 | D:11     | Reached skill level 10 in Spellcasting
 14618 | D:11     | Reached skill level 1 in Shields
 15009 | D:11     | Noticed a white ugly thing
 15028 | D:11     | Killed a white ugly thing
 15566 | D:12     | Noticed a two-headed ogre
 15581 | D:12     | Killed a two-headed ogre
 15581 | D:12     | Reached skill level 5 in Dodging
 16568 | D:12     | Noticed Kirke
 16680 | Lair:1   | Entered Level 1 of the Lair of Beasts
 16966 | Lair:1   | Noticed Urug
 16968 | Lair:1   | Reached skill level 12 in Fighting
 17007 | Lair:1   | Killed Urug
 17524 | Lair:2   | Found a frozen archway.
 17569 | Lair:2   | Reached ***** piety under Sif Muna
 17589 | IceCv    | Entered an ice cave
 17599 | IceCv    | Identified Sif Muna's Volume of Stolen Souls (Sif Muna
                  | gifted it to you in an ice cave)
 17599 | IceCv    | Received a gift from Sif Muna
 17611 | IceCv    | Reached XP level 12. HP: 50/113 MP: 0/26
 18621 | IceCv    | Reached skill level 13 in Fighting
 19979 | IceCv    | Noticed a frost giant
 19993 | IceCv    | HP: 3/116 [frost giant/battleaxe of freezing (9)]
 19996 | IceCv    | Killed from afar by a frost giant

Skill      XL: |  1  2  3  4  5  6  7  8  9 10 11 12 |
---------------+-------------------------------------+-----
Fighting       | 1 2 3 4 5 9 10 12 13 | 13.8
Spellcasting   | 3 5 6 8 9 10 | 10.6
Conjurations   | 2 3 4 5 |  5.2
Fire Magic     | 4 5 6 7 8 9 |  9.6
Hexes          | 4 |  4.1
Dodging        | 2 4 5 6 |  6.6
Shields        | 4 |  4.0
Stealth        | |  1.7

Action                   |  1- 3 |  4- 6 |  7- 9 | 10-12 || total
-------------------------+-------+-------+-------+-------++-------
Melee: Dagger            |    27 |    41 |       |       ||    68
       Unarmed           |     2 |       |       |       ||     2
       Tailslap          |     1 |     3 |     7 |    35 ||    46
       Whip              |       |     8 |    49 |   304 ||   361
       Staff             |       |       |    10 |       ||    10
 Fire: Hunting sling     |    40 |    47 |    48 |    17 ||   152
Throw: Stone             |       |       |    26 |       ||    26
 Cast: Flame Tongue      |    51 |    76 |    95 |   104 ||   326
       Throw Flame       |       |     6 |    34 |    79 ||   119
       Sticky Flame      |       |     4 |    35 |   157 ||   196
       Fireball          |       |       |     3 |    15 ||    18
       Confuse           |       |       |     3 |     2 ||     5
Invok: Divine Energy     |       |       |     1 |       ||     1
Evoke: Wand              |       |       |     2 |     2 ||     4
  Use: Scroll            |       |     8 |     3 |    14 ||    25
       Potion            |       |       |     5 |     1 ||     6
 Stab: Confused          |       |       |       |     1 ||     1
       Sleeping          |       |       |       |     1 ||     1
  Eat: Chunk             |     6 |     7 |    19 |    35 ||    67
       Ration            |       |     1 |     1 |     2 ||     4
Armor: Skin              |    30 |    42 |    63 |   223 ||   358
Dodge: Dodged            |    42 |    87 |   129 |   346 ||   604
Block: Shield            |       |       |       |    10 ||    10
       Buckler           |       |       |       |   122 ||   122
